 Dungeon Crawl Stone Soup version 0.29.1-15-g9cfb28693d (webtiles) character file.

Game seed: 7082624394648375759

14 Carnifexus the Trooper (level 2, 0/24 HPs)
             Began as a Demonspawn Fighter on Mar 24, 2023.
             Slain by a gnoll
             ... wielding a +0 spear
              (1 damage)
             ... on level 1 of the Dungeon.
             The game lasted 00:00:58 (408 turns).

Carnifexus the Trooper (Demonspawn Fighter)          Turns: 408, Time: 00:00:58

Health: 0/24       AC:  9    Str: 16    XL:     2   Next: 31%
Magic:  2/2        EV:  6    Int: 11    God:
Gold:   26         SH:  4    Dex: 12    Spells: 1/1 levels left

rFire   . . .      SeeInvis .   a - +0 long sword
rCold   . . .      Faith    .   c - +0 buckler
rNeg    . . .      Spirit   .   e - +0 chain mail
rPois   .          Reflect  .   (no helmet)
rElec   .          Harm     .   (no cloak)
rCorr   .          Rampage  .   (no gloves)
Will    .....                   (no boots)
Stlth   ..........              (no amulet)
HPRegen 0.08/turn               (no ring)
MPRegen 0.08/turn               (no ring)

@: no status effects
A: big brain 1
a: no special abilities


You were on level 1 of the Dungeon.
You visited 1 branch of the dungeon, and saw 1 of its levels.

You collected 26 gold pieces.

Inventory:

Hand Weapons
 a - a +0 long sword (weapon)
Armour
 b - a +0 scale mail
 c - a +0 buckler (worn)
 e - a +0 chain mail (worn)
Jewellery
 g - a ring of ice
Scrolls
 f - a scroll of fog {unknown}
 h - a scroll of identify {unknown}
 i - a scroll of enchant weapon {unknown}
Potions
 d - a potion of might


   Skills:
 + Level 3.2 Fighting
 + Level 1.9 Long Blades
 + Level 2.9 Armour
 + Level 3.0 Shields


You had one spell level left.
You didn't know any spells.
Your spell library contained the following spells:

 Spells                   Type           Power      Damage    Failure   Level
 Sublimation of Blood     Necr           0%         N/A       100%        2
 Wereblood                Tmut           0%         N/A       100%        2
 Summon Hydra             Summ           0%         N/A       100%        7


Dungeon Overview and Level Annotations

Branches:
Dungeon (1/15)

Altars:


Innate Abilities, Weirdness & Mutations

You have an unusually large brain. (Int +2)


Message History

You kill the goblin!
Things that are here:
a +0 club; a goblin corpse
There is a faded altar of an unknown god here.
A bat comes into view.
The bat hits you.
You hit the bat.
You kill the bat!
You see here a bat corpse.
Found 8 gold pieces.
A goblin comes into view. It is wielding a +0 club.
The goblin shouts!
A gnoll comes into view. It is wielding a +0 spear.
Found a fizzy pink potion.
The gnoll shouts!
You see here 8 gold pieces.
You see here a viscous green potion.
The gnoll hits you but does no damage.
There are monsters nearby!
The gnoll hits you from afar with a +0 spear.
You barely miss the goblin.
The gnoll hits you from afar with a +0 spear.
The goblin hits you with a +0 club. You block the goblin's attack.
The gnoll hits you from afar with a +0 spear.
You barely miss the goblin.
The gnoll hits you from afar with a +0 spear!
* * * LOW HITPOINT WARNING * * *
The goblin hits you but does no damage.
You closely miss the goblin.
The gnoll hits you from afar with a +0 spear.
* * * LOW HITPOINT WARNING * * *
The goblin hits you but does no damage. You block the gnoll's attack.
You block the goblin's attack.
You hit the goblin.
You kill the goblin!
The gnoll hits you from afar with a +0 spear.
* * * LOW HITPOINT WARNING * * *
Your Shields skill increases to level 3!
The gnoll hits you from afar with a +0 spear.
You die...

#.# ## .# #. #.# ... ...
#. #.# ### ##.##.# #.#
.......#### #.#
.PPP......# #.#
P.P.....#.# #.# #
P....PP.#.## #.# .
.P....P@...### #.# .
P.P..PP......# #.# .
PPP.PgP.!$...#########.#
.
.PPPPP..####.....†.....#
......!..#...###########
#####.##.#.#.# #. ......
#. #####.# .. #.#


You could see a gnoll.

Vanquished Creatures
  2 bats (D:1)
  An endoplasm (D:1)
  2 giant cockroaches (D:1)
  2 goblins (D:1)
  A hobgoblin (D:1)
  A ball python (D:1)
  A frilled lizard (D:1)
  A kobold (D:1)
  3 rats (D:1)
14 creatures vanquished.

Notes
Turn   | Place    | Note
-------+----------+-------------------------------------------
     0 | D:1      | Carnifexus the Demonspawn Fighter began the quest for the
                  | Orb.
     0 | D:1      | Reached XP level 1. HP: 18/18 MP: 1/1
   216 | D:1      | Gained mutation: You have an unusually large brain. (Int
                  | +2) [demonic ancestry]
   216 | D:1      | Reached XP level 2. HP: 20/24 MP: 2/2
   285 | D:1      | Found a faded altar of an unknown god.
   407 | D:1      | HP: 1/24 [gnoll/+0 spear (3)]
   408 | D:1      | Slain by a gnoll

Illustrated notes

Levels and vault maps discovered:
D:1:      lemuel_arrival_cross, layout_loops_ring,
          ebering_ecumenical_altar_petrified, nicolae_grassy_gnolls

Skill      XL: |  1  2 |
---------------+-------+-----
Shields        | 3 |  3.0
Fighting       | |  3.2
Long Blades    | |  1.9
Armour         | |  2.9

Action                   || total
-------------------------++-------
Melee: Long sword        ||    36
Armor: Chain mail        ||    31
Dodge: Dodged            ||     8
Block: Buckler           ||    13
